 Dungeon Crawl Stone Soup version 0.22.0-38-g04b72b8 (webtiles) character file.

8460 troglodite the Skirmisher (level 11, -5/86 HPs)
             Began as a Demonspawn Berserker on Aug 29, 2018.
             Was an Elder of Trog.
             Slain by an unseen horror (7 damage)
             ... on level 11 of the Dungeon.
             The game lasted 00:32:21 (12678 turns).

troglodite the Skirmisher (Demonspawn Berserker)   Turns: 12678, Time: 00:32:22

Health: -5/86      AC:  9    Str: 25    XL:     11   Next: 10%
Magic:  0/11       EV: 15    Int: 18    God:    Trog [****..]
Gold:   540        SH:  0    Dex: 21    Spells: 10/10 levels left

rFire    + + .     SeeInvis .   n - +2 bardiche of Ymurud {venom, rF++ MR+ Int+4}
rCold    . . .     Gourm    .   (shield currently unavailable)
rNeg     . . .     Faith    .   u - +0 scale mail {rPois}
rPois    +         Spirit   +   H - +0 helmet of the Morning {-Cast MR++ Int+5}
rElec    .         Reflect  .   y - scarf {Spirit}
rCorr    .         Harm     .   (no gloves)
MR       +++..     NoCast   +   (no boots)
Stlth    ++++++....             (no amulet)
HPRegen  0.24/turn              m - +4 ring of strength
MPRegen  0.12/turn              h - +3 ring of strength

@: no status effects
A: talons 2, thin skeletal structure 3, nightstalker 2
a: Berserk, Trog's Hand, Brothers in Arms, Renounce Religion


You were on level 11 of the Dungeon.
You worshipped Trog.
Trog was greatly pleased with you.
You were not hungry.

You visited 1 branch of the dungeon, and saw 11 of its levels.

You collected 540 gold pieces.

Inventory:

Hand Weapons
 a - a +0 falchion
 n - the +2 bardiche of Ymurud (weapon) {venom, rF++ MR+ Int+4}
   (You found it on level 4 of the Dungeon)

   It poisons the flesh of those it strikes.
   It affects your intelligence (+4).
   It greatly protects you from fire.
   It affects your resistance to hostile enchantments.
 s - a +0 dagger of protection
Armour
 u - a +0 scale mail of poison resistance (worn)
 y - a scarf of spirit shield (worn)
 H - the +0 helmet of the Morning (worn) {-Cast MR++ Int+5}
   (You found it on level 9 of the Dungeon)

   It affects your intelligence (+5).
   It affects your resistance to hostile enchantments.
   It prevents spellcasting.
Jewellery
 h - a +3 ring of strength (right hand)
 m - a +4 ring of strength (left hand)
Wands
 q - a wand of iceblast (9)
 v - a wand of scattershot (5)
 A - a wand of disintegration (15)
 D - a wand of enslavement (7)
 E - a wand of digging (31)
Scrolls
 g - 4 scrolls of teleportation
 i - 2 scrolls of enchant weapon {unknown}
 j - 5 scrolls of magic mapping
 l - 5 scrolls of remove curse
 o - a scroll of fog {unknown}
 p - 3 scrolls of enchant armour {unknown}
 t - a scroll of random uselessness {unknown}
 w - 3 scrolls of blinking {unknown}
 x - 4 scrolls of identify
 B - a scroll of acquirement {unknown}
 G - a scroll of immolation {unknown}
Potions
 b - 2 potions of resistance
 d - 2 potions of curing
 e - 2 potions of lignification
 f - 2 potions of mutation
 k - 2 potions of brilliance
 r - a potion of haste {unknown}
 z - 2 potions of heal wounds {unknown}
 C - a potion of ambrosia {unknown}
 F - 2 potions of might {unknown}
Comestibles
 c - 25 rations


   Skills:
 * Level 7.9 Fighting
 + Level 4.5 Long Blades
 + Level 7.5 Polearms
 * Level 7.3 Armour
 * Level 6.3 Dodging
 * Level 7.6 Stealth


You had 10 spell levels left.
You didn't know any spells.
Your spell library was empty.

Dungeon Overview and Level Annotations

Branches:
Dungeon (11/15)            Temple (0/1) D:6            Lair (0/6) D:10
    Orc: D:9-12

Altars:
Fedhas
Gozag
Kikubaaqudgha
Makhleb
Nemelex Xobeh
Okawaru
Qazlal
Ru
Sif Muna
Uskayaw
Xom
Zin

Shops:
D:5 }   D:6 ?   D:7 ?*%!

Annotations:
D:10 2 transporters, Lew's ghost, journeyman GnFi


Innate Abilities, Weirdness & Mutations

You have razor-sharp toenails.
You have an unnaturally thin skeletal structure. (Dex +6, Stealth++)
You are significantly more attuned to the shadows.


Message History

You feel better. Something hits you.
* * * LOW HITPOINT WARNING * * *
Something hits you.
* * * LOW HITPOINT WARNING * * *
Something hits you.
* * * LOW HITPOINT WARNING * * *
Something barely misses you.
You closely miss something. You claw something. Something hits you.
* * * LOW HITPOINT WARNING * * *
Something barely misses you. Something hits you but does no damage.
Something hits you.
* * * LOW HITPOINT WARNING * * *
Something hits you.
* * * LOW HITPOINT WARNING * * *
Something hits you.
* * * LOW HITPOINT WARNING * * *
There is a stone staircase leading up, spattered with blood here.
Something hits you!
You die...

##. #...# [
...####..####.. #...
....[....#... .#.....
...........## ......#
............# #>....#
.........##>####....(.
.......[.##..........#
.....{....###..#.....#
#..#.@.#.<.....#.#....
..##)..#.####....# ##.
....>..#.) #.....#
###............##
#...#.........#
#(..#...##.)#.. ... #.


There were no monsters in sight!

Vanquished Creatures
  Harold (D:7)
  The ghost of PIttos the Protected, a novice MiFi of Gozag (D:9)
  An unseen horror (D:10)
  A centaur skeleton (D:11)
  Grinder (D:4)
  2 trolls
  A hippogriff (D:8)
  Sigmund (D:2)
  A spriggan (D:7)
  A wyvern (D:8)
  A hungry ghost (D:11)
  2 wargs (D:10)
  Duvessa (D:5)
  A black bear (D:9)
  A hornet zombie (D:9)
  3 orc warriors
  An ice beast (D:5)
  2 phantoms
  A necrophage (D:10)
  A sky beast (D:7)
  5 ogres
  2 centaurs
  A big kobold (D:7)
  3 bullfrogs
  5 scorpions
  Dowan (D:5)
  3 wights (D:9)
  A howler monkey (D:6)
  2 centaur zombies
  4 crimson imps
  A bullfrog zombie (D:7)
  2 hounds
  A quasit (D:10)
  3 jellies
  16 orc wizards
  2 bullfrog skeletons
  7 orc priests
  3 iguanas
  11 worker ants
  A hound skeleton (D:5)
  10 adders
  2 shadow imps (D:5)
  An ooze (D:6)
  2 adder zombies
  2 adder skeletons
  2 worms
  3 dart slugs
  5 leopard geckos
  33 orcs
  2 ball pythons (D:2)
  4 bats
  9 giant cockroaches
  13 goblins
  11 hobgoblins
  4 jackals (D:11)
  12 kobolds
  3 quokkas
  3 frilled lizards (D:2)
  A leopard gecko zombie (D:8)
  A quokka skeleton (D:5)
  7 rats
229 creatures vanquished.

Vanquished Creatures (collateral kills)
  A hydra (D:10)
  A two-headed ogre (D:9)
  3 killer bees (D:9)
  A bullfrog skeleton (D:10)
  An orc wizard (D:10)
  A quokka (D:9)
8 creatures vanquished.

Vanquished Creatures (others)
  Blork the orc (D:3)
1 creature vanquished.

Grand Total: 238 creatures vanquished

Notes
Turn   | Place    | Note
-------+----------+-------------------------------------------
     0 | D:1      | troglodite the Demonspawn Berserker began the quest for the Orb.
     0 | D:1      | Reached XP level 1. HP: 18/18 MP: 1/1
   111 | D:1      | Gained mutation: You have a somewhat thin skeletal structure. (Dex +2, Stealth) [demonic ancestry]
   111 | D:1      | Reached XP level 2. HP: 15/24 MP: 2/2
   489 | D:1      | Gained mutation: You have a moderately thin skeletal structure. (Dex +4, Stealth+) [demonic ancestry]
   489 | D:1      | Reached XP level 3. HP: 26/29 MP: 3/3
   504 | D:1      | Reached ** piety under Trog
  1185 | D:2      | Noticed Sigmund
  1206 | D:2      | Killed Sigmund
  1206 | D:2      | Reached skill level 1 in Stealth
  1206 | D:2      | Gained mutation: You are slightly more attuned to the shadows. [demonic ancestry]
  1206 | D:2      | Reached XP level 4. HP: 25/38 MP: 4/4
  1206 | D:2      | Reached XP level 5. HP: 28/43 MP: 5/5
  2554 | D:3      | Found a sparkling altar of Nemelex Xobeh.
  2575 | D:3      | Found a sacrificial altar of Ru.
  3366 | D:3      | Reached *** piety under Trog
  3379 | D:3      | Gained mutation: You are significantly more attuned to the shadows. [demonic ancestry]
  3379 | D:3      | Reached XP level 6. HP: 29/49 MP: 6/6
  3620 | D:3      | Noticed Blork the orc
  3627 | D:3      | Found a deep blue altar of Sif Muna.
  3641 | D:3      | Killed Blork the orc
  5000 | D:4      | Noticed a hand axe
  5000 | D:4      | Noticed a hand axe
  5003 | D:4      | Found a hide-covered altar of Uskayaw.
  5025 | D:4      | Noticed Grinder
  5034 | D:4      | Killed Grinder
  5034 | D:4      | Gained mutation: You have sharp toenails. [demonic ancestry]
  5034 | D:4      | Reached XP level 7. HP: 55/55 MP: 7/7
  5189 | D:4      | Got a transparent bardiche
  5202 | D:4      | Identified the +2 bardiche of Ymurud {venom, rF++ MR+ Int+4} (You found it on level 4 of the Dungeon)
  5567 | D:4      | Reached skill level 5 in Fighting
  5980 | D:5      | Entered Level 5 of the Dungeon
  5980 | D:5      | Noticed Dowan
  5982 | D:5      | Killed Dowan
  5982 | D:5      | Noticed Duvessa
  5985 | D:5      | Reached skill level 1 in Polearms
  5989 | D:5      | Killed Duvessa
  5989 | D:5      | Reached XP level 8. HP: 62/62 MP: 8/8
  6681 | D:5      | Reached skill level 5 in Armour
  6694 | D:5      | Found Bileig's Gadget Emporium.
  6728 | D:5      | Found a blossoming altar of Fedhas.
  6857 | D:6      | Found an ancient bone altar of Kikubaaqudgha.
  6908 | D:6      | Found an iron altar of Okawaru.
  7009 | D:6      | Found Gupixouq's Magic Scroll Shop.
  7024 | D:6      | Reached **** piety under Trog
  7440 | D:6      | Found a staircase to the Ecumenical Temple.
  7497 | D:6      | Found a burning altar of Makhleb.
  7542 | D:6      | Got a warped robe
  7553 | D:6      | Identified the cursed +1 robe "Goiwuy" {MR- rCorr Dex+10 Stlth-} (You found it on level 6 of the Dungeon)
  8110 | D:7      | Found Lupeono's Assorted Antiques.
  8112 | D:7      | Gained mutation: You have razor-sharp toenails. [demonic ancestry]
  8112 | D:7      | Reached XP level 9. HP: 69/69 MP: 9/9
  8143 | D:7      | Found Meulur's Distillery.
  8164 | D:7      | Noticed Harold
  8172 | D:7      | Killed Harold
  8172 | D:7      | Reached skill level 5 in Stealth
  8512 | D:7      | Found a shimmering altar of Xom.
  8538 | D:7      | Reached skill level 5 in Dodging
  8793 | D:7      | Found Kiaroas's Food Shop.
  8845 | D:7      | Found Leib's Magic Scroll Emporium.
  8857 | D:7      | Found a glowing silver altar of Zin.
  9016 | D:7      | Reached skill level 5 in Polearms
  9606 | D:8      | Reached ***** piety under Trog
  9690 | D:8      | Reached XP level 10. HP: 77/77 MP: 10/10
 10117 | D:9      | Noticed a two-headed ogre
 10122 | D:9      | Killed a two-headed ogre
 10288 | D:9      | Found a stormy altar of Qazlal.
 10352 | D:9      | Found a large runed door.
 10352 | D:9      | Found a large runed door.
 10446 | D:9      | Noticed PIttos's ghost (novice MiFi)
 10456 | D:9      | Killed PIttos's ghost
 10462 | D:9      | Got a dazzling helmet
 10487 | D:9      | Identified the +0 helmet of the Morning {-Cast MR++ Int+5} (You found it on level 9 of the Dungeon)
 11172 | D:10     | Entered Level 10 of the Dungeon
 11222 | D:10     | Found a staircase to the Lair.
 11675 | D:10     | Found a transporter.
 11678 | D:10     | Noticed Lew's ghost (journeyman GnFi)
 11680 | D:10     | Noticed a two-headed ogre
 11681 | D:10     | Noticed a two-headed ogre
 11681 | D:10     | Noticed a two-headed ogre
 11683 | D:10     | Found a transporter.
 12034 | D:10     | Killed an unseen horror
 12215 | D:11     | Noticed a skeletal warrior
 12215 | D:11     | Noticed a skeletal warrior
 12215 | D:11     | Noticed a skeletal warrior
 12215 | D:11     | Noticed a skeletal warrior
 12285 | D:11     | Gained mutation: You have an unnaturally thin skeletal structure. (Dex +6, Stealth++) [demonic ancestry]
 12285 | D:11     | Reached XP level 11. HP: 85/86 MP: 11/11
 12336 | D:10     | Found an opulent altar of Gozag.
 12356 | D:11     | Noticed a six-headed hydra
 12375 | D:10     | Killed a six-headed hydra
 12677 | D:11     | HP: 1/86 [something (4)]
 12678 | D:11     | Slain by an unseen horror

Skill      XL: |  1  2  3  4  5  6  7  8  9 10 |
---------------+-------------------------------+-----
Dodging        | 2 3 4 5 6 |  6.3
Long Blades    | 3 4 |  4.5
Armour         | 2 3 4 5 6 7 |  7.3
Fighting       | 4 5 6 7 |  7.9
Stealth        | 1 2 3 4 6 7 |  7.6
Polearms       | 1 3 5 7 |  7.5

Action                   |  1- 3 |  4- 6 |  7- 9 | 10-12 || total
-------------------------+-------+-------+-------+-------++-------
Melee: Falchion          |    99 |   154 |     9 |       ||   262
       Bardiche          |       |       |   222 |   145 ||   367
       Kick              |       |       |    89 |    48 ||   137
Invok: Berserk           |     2 |     3 |     3 |     2 ||    10
       Brothers in Arms  |       |       |       |     4 ||     4
  Use: Scroll            |       |       |    11 |       ||    11
       Potion            |       |       |       |     1 ||     1
 Stab: Sleeping          |     2 |    11 |    30 |    15 ||    58
       Distracted        |       |       |     1 |     3 ||     4
  Eat: Chunk             |     2 |    11 |    19 |     9 ||    41
       Ration            |       |     1 |       |     2 ||     3
Armor: Animal skin       |    18 |    10 |       |       ||    28
       Ring mail         |       |    27 |       |       ||    27
       Scale mail        |       |       |   102 |    94 ||   196
Dodge: Dodged            |    59 |   104 |   178 |   172 ||   513
       Rpst.: Falchion   |    23 |    27 |     2 |       ||    52
